 Dungeon Crawl Stone Soup version 0.30-a0-845-g7c6808c8ce (webtiles) character file.

Game seed: 15933580001361761752

7609 bande the Cleaver (level 11, -5/67 HPs)
             Began as a Gargoyle Fighter on Mar 2, 2023.
             Was a High Priest of Okawaru.
             Slain by an elephant (12 damage)
             ... on level 2 of the Lair of Beasts.
             The game lasted 00:16:04 (11505 turns).

bande the Cleaver (Gargoyle Fighter)               Turns: 11505, Time: 00:16:05

Health: -5/67      AC: 28    Str: 21    XL:     11   Next: 17%
Magic:  16/16      EV:  6    Int:  8    God:    Okawaru [*****.]
Gold:   1366       SH:  5    Dex: 13    Spells: 10/10 levels left

rFire   + . .      SeeInvis .    L - +0 broad axe (venom)
rCold   . . .      Faith    +    c - +0 buckler
rNeg    + . .      Spirit   .    z - +0 plate armour
rPois   ∞          Reflect  .    v - +1 helmet
rElec   +          Rampage  .    r - +2 cloak
rCorr   .                        (no gloves)
Will    .....                    B - +0 pair of boots Stlth
                                 b - amulet of faith
HPRegen 0.31/turn                y - ring of protection from fire
MPRegen 0.15/turn                (no ring)

@: no status effects
A: sickness immunity, AC +8, negative energy resistance 1, electricity
resistance, torment resistance 1, petrification resistance
a: Renounce Religion, Heroism, Finesse, Duel


You were on level 2 of the Lair of Beasts.
You worshipped Okawaru.
Okawaru was extremely pleased with you.
You visited 2 branches of the dungeon, and saw 11 of its levels.

You collected 1366 gold pieces.

Inventory:

Hand Weapons
 a - a +1 war axe
 n - a +2 mace of venom
 L - a +0 broad axe of venom (weapon)
Armour
 c - a +0 buckler (worn)
 r - a +2 cloak (worn)
 v - a +1 helmet (worn)
 z - a +0 plate armour (worn)
 B - a +0 pair of boots (worn)
Jewellery
 b - an amulet of faith (around neck)
 y - a ring of protection from fire (left hand)
 E - an amulet of magic regeneration
Wands
 A - a wand of polymorph (10)
 D - a wand of roots (16)
Scrolls
 e - 4 scrolls of poison
 f - 3 scrolls of fear
 g - 7 scrolls of teleportation
 k - 4 scrolls of fog
 s - 2 scrolls of amnesia
 w - a scroll of enchant weapon
 C - a scroll of blinking
 F - a scroll of magic mapping
 G - a scroll of enchant armour
Potions
 d - 5 potions of might
 h - a potion of resistance {unknown}
 i - 3 potions of flight
 j - 2 potions of invisibility {unknown}
 l - 2 potions of curing
 m - 3 potions of haste
 o - 3 potions of degeneration
 p - a potion of mutation {unknown}
 q - a potion of cancellation {unknown}
 t - a potion of ambrosia {unknown}
 u - 2 potions of heal wounds {unknown}
 x - 2 potions of lignification {unknown}
 I - 2 potions of brilliance {unknown}
 K - a potion of magic {unknown}


   Skills:
 + Level 7.4 Fighting
 + Level 10.1 Axes
 + Level 7.5 Armour
 + Level 6.6 Shields
 * Level 7.0 Invocations
 * Level 4.5 Evocations


You had 10 spell levels left.
You didn't know any spells.
Your spell library contained the following spells:

 Spells                   Type           Power      Damage    Failure   Level
 Beastly Appendage        Tmut           0%         N/A       100%        1
 Lesser Beckoning         Tloc           0%         N/A       100%        2
 Passwall                 Tmut/Erth      0%         N/A       100%        2
 Wereblood                Tmut           0%         N/A       100%        2
 Gell's Gravitas          Tloc           0%         N/A       100%        3
 Spider Form              Tmut/Pois      0%         N/A       100%        3
 Stone Arrow              Conj/Erth      0%         3d7       100%        3
 Teleport Other           Tloc           0%         N/A       100%        3
 Iron Shot                Conj/Erth      0%         9d1       100%        6
 Lehudib's Crystal Spear  Conj/Erth      0%         10d2      100%        8
 Shatter                  Erth           0%         3d5*      100%        9
 Sublimation of Blood     Necr           Unusable   N/A       N/A         2
 Animate Armour           Summ/Erth      Unusable   N/A       N/A         4
 Summon Hydra             Summ           Unusable   N/A       N/A         7

Dungeon Overview and Level Annotations

Branches:
Dungeon (9/15)             Temple (0/1) D:6            Lair (2/5) D:9
  Swamp: Lair:2-3    Shoals: Lair:2-3     Snake: Lair:2-3    Spider: Lair:2-3
    Orc: D:9-12

Altars:
Cheibriados
Elyvilon
Fedhas
Makhleb
Okawaru
Uskayaw
Wu Jian
Xom

Annotations:
D:6 exclusion: oklob plant


Innate Abilities, Weirdness & Mutations

You are immune to sickness and miasma.
Your stone body is resilient. (AC +8)
You are immune to poison.
You resist negative energy. (rN+)
You are resistant to electric shocks. (rElec)
You are resistant to unholy torment.
You are immune to petrification.


Message History

You slash the black bear!
The black bear is heavily wounded.
You barely miss the elephant. The elephant tramples you!
You hold your ground!
The elephant trunk-slaps you.
The black bear bites you but does no damage.
The black bear claws you. The black bear barely misses you.
Unknown command.
You hit the black bear.
The black bear is severely wounded.
You hit the elephant but do no damage.
The black bear bites you but does no damage.
You block the black bear's attack. x2; The elephant tramples you.
You hold your ground!
The elephant trunk-slaps you but does no damage.
Unknown command.
You closely miss the black bear.
The black bear is severely wounded.
You hit the elephant but do no damage.
The elephant tramples you but does no damage.
The elephant trunk-slaps you but does no damage.
You block the black bear's attack.
The black bear claws you but does no damage. x2
You slice the black bear!!
You kill the black bear!
Okawaru accepts your kill.
You slash the elephant!
The elephant looks as sick as possible!
The elephant tramples you!
* * * LOW HITPOINT WARNING * * *
You stumble backwards!
Your Invocations skill increases to level 7!
Unknown command.
You hit the elephant but do no damage.
The elephant looks as sick as possible!
The elephant is heavily wounded.
The elephant tramples you!
* * * LOW HITPOINT WARNING * * *
You stumble backwards!
You slash the elephant!
The elephant looks as sick as possible!
The elephant is severely wounded.
The elephant tramples you!
You die...

#### ##
#.#.#####P#
..........#
.......P.P#
.....#~..#
.....#~.<##
.....#.Y..#
.......@.##
.........#
.........#
.....$...#
##.##..#.#
## ....#.
##.. # ...


You could see an elephant (extremely poisoned).

Vanquished Creatures
  The ghost of monoptic the Cleaver, a novice HOFi of Trog (D:9)
  The ghost of jasper the Fighter, a novice DsRe (D:8)
  A rime drake (Lair:1)
  Maggie (D:8)
  An unseen horror (D:9)
  Sigmund (D:3)
  A ynoxinul (D:8)
  7 yaks (D:9)
  A wraith (D:9)
  A steam dragon (D:9)
  4 water moccasins (D:9)
  2 orc warriors
  A black bear (Lair:2)
  A sky beast (D:6)
  An ogre (D:7)
  2 ice beasts
  2 centaurs
  2 phantoms
  3 kobold brigands (D:8)
  4 bullfrogs
  6 scorpions
  8 wights
  3 killer bees (D:9)
  5 howler monkeys
  A gnoll bouda (D:6)
  3 hounds
  6 jellies
  5 orc priests
  Terence (D:3)
  Jessica (D:3)
  4 sleepcaps
  5 iguanas
  8 orc wizards
  Robin (D:2)
  6 gnolls
  5 adders
  A white imp (D:8)
  An ufetubus (D:6)
  3 worms
  2 dart slugs (D:1)
  29 orcs
  5 ball pythons
  21 endoplasms
  2 giant cockroaches
  15 goblins
  8 hobgoblins
  13 jackals
  30 kobolds
  8 quokkas
  4 bats
  2 frilled lizards
  6 rats
256 creatures vanquished.

Vanquished Creatures (others)
  45 fungi
  32 plants
77 creatures vanquished.

Grand Total: 333 creatures vanquished

Notes
Turn   | Place    | Note
-------+----------+-------------------------------------------
     0 | D:1      | bande the Gargoyle Fighter began the quest for the Orb.
     0 | D:1      | Reached XP level 1. HP: 14/14 MP: 1/1
    43 | D:1      | Reached XP level 2. HP: 18/19 MP: 2/2
    76 | D:1      | Reached skill level 2 in Axes
   103 | D:1      | Reached XP level 3. HP: 24/24 MP: 3/3
   720 | D:2      | Reached XP level 4. HP: 29/29 MP: 4/4
  1142 | D:3      | Noticed Robin
  1148 | D:3      | Noticed Sigmund
  1888 | D:2      | Killed Robin
  2000 | D:2      | Identified a scroll of acquirement
  2000 | D:2      | Acquired 780 gold pieces
  2102 | D:3      | Noticed Terence
  2115 | D:3      | Killed Terence
  2116 | D:3      | Reached skill level 3 in Axes
  2116 | D:3      | Reached XP level 5. HP: 22/33 MP: 5/5
  2323 | D:3      | Found a hide-covered altar of Uskayaw.
  2509 | D:3      | Killed Sigmund
  2510 | D:3      | Reached skill level 4 in Axes
  2510 | D:3      | Reached XP level 6. HP: 20/39 MP: 6/6
  3010 | D:3      | Found a large runed translucent door.
  3014 | D:3      | Found a large runed translucent door.
  3126 | D:3      | Noticed Jessica
  3134 | D:3      | Killed Jessica
  3237 | D:3      | Found an iron altar of Okawaru.
  3242 | D:3      | Became a worshipper of Warmaster Okawaru
  3247 | D:3      | Found an ornate altar of the Wu Jian Council.
  3315 | D:4      | Reached XP level 7. HP: 22/44 MP: 7/7
  3562 | D:4      | Reached skill level 1 in Invocations
  3572 | D:4      | Reached skill level 5 in Armour
  3750 | D:4      | Reached skill level 5 in Axes
  4140 | D:4      | Reached * piety under Okawaru
  4160 | D:4      | Found a white marble altar of Elyvilon.
  4269 | D:5      | Entered Level 5 of the Dungeon
  4301 | D:5      | Reached XP level 8. HP: 47/48 MP: 9/9
  4483 | D:5      | Identified the +1 great mace "Epnutoa" {drain, Int+3}
  4525 | D:5      | Reached skill level 5 in Fighting
  4573 | D:5      | Reached skill level 6 in Axes
  4875 | D:6      | Found a shimmering altar of Xom.
  4902 | D:6      | Reached ** piety under Okawaru
  5309 | D:6      | Found a staircase to the Ecumenical Temple.
  5367 | D:6      | Noticed an oklob plant
  5546 | D:5      | Reached skill level 5 in Shields
  5852 | D:6      | Reached skill level 7 in Axes
  6041 | D:6      | Reached XP level 9. HP: 51/54 MP: 10/12
  6159 | D:6      | Found a burning altar of Makhleb.
  6810 | D:7      | Reached skill level 1 in Evocations
  6827 | D:7      | Found a snail-covered altar of Cheibriados.
  7014 | D:7      | Reached *** piety under Okawaru
  7753 | D:7      | Reached skill level 8 in Axes
  7919 | D:8      | Found a blossoming altar of Fedhas.
  7939 | D:8      | Noticed jasper's ghost (novice DsRe)
  7943 | D:8      | Found a runed translucent door.
  8031 | D:8      | Noticed Maggie
  8051 | D:8      | Killed Maggie
  8052 | D:8      | Reached skill level 5 in Invocations
  8406 | D:8      | Reached **** piety under Okawaru
  8653 | D:8      | Reached XP level 10. HP: 61/61 MP: 13/13
  9492 | D:8      | Killed jasper's ghost
  9492 | D:8      | Received a gift from Okawaru
  9493 | D:8      | Reached skill level 9 in Axes
  9518 | D:8      | Got the Catalogue of Topography
  9669 | D:9      | Killed an unseen horror
  9669 | D:9      | Reached ***** piety under Okawaru
  9892 | D:9      | Received a gift from Okawaru
 10315 | D:9      | Found a runed translucent door.
 10322 | D:9      | Noticed monoptic's ghost (novice HOFi)
 10443 | D:9      | Identified the +1 cloak "Acaer" {Str+4} (Okawaru gifted it
                  | to you on level 9 of the Dungeon)
 10443 | D:9      | Received a gift from Okawaru
 10588 | D:9      | Found a staircase to the Lair.
 10599 | D:9      | Reached XP level 11. HP: 52/67 MP: 14/16
 10932 | D:9      | Killed monoptic's ghost
 10933 | D:9      | Reached skill level 10 in Axes
 11190 | Lair:1   | Entered Level 1 of the Lair of Beasts
 11505 | Lair:2   | Slain by an elephant

Illustrated notes

Levels and vault maps discovered:
D:1:      dpeg_arrival_yet_another_circle, layout_rooms
D:2:      layout_loops_ring, st_stairs_2, kennysheep_path_1
D:3:      layout_loops_cross, nicolae_uskayaw_murder_on_the_dancefloor,
          jmf_multi_god_temple2, minmay_fountain_box, kennysheep_jessica_study,
          uniq_sigmund, uniq_robin, uniq_terence
D:4:      layout_basic, mainiacjoe_overflow_alcove_4
D:5:      layout_basic, kennysheep_small_square
D:6:      lemuel_slime, layout_loops_corners,
          mainiacjoe_overflow_surrounded_room, makhleb_blood_cavern_becter,
          minmay_temple_entry_junction
D:7:      layout_gridville, mainiacjoe_overflow_boulevard
D:8:      layout_layer_cave, old_standard_altar, hellmonk_ghost_big_iron,
          minmay_misc_feat_room, uniq_maggie
D:9:      layout_basic, due_lair_maze_entry_diamond,
          hellmonk_ghost_happy_afterlife, roderic_serpentine_path
Lair:1:   layout_regular_city, st_stairs_6, beast_lair_carwin_11, uniq_joseph
Lair:2:   layout_gridlike, nicolae_swamp_entry_spooky, dummy_snake_entry,
          gauntlet_entry_generic

Skill      XL: |  1  2  3  4  5  6  7  8  9 10 11 |
---------------+----------------------------------+-----
Axes           | 2 3 4 5 7 8 9 10 | 10.1
Shields        | 4 5 6 |  6.6
Fighting       | 4 5 6 7 |  7.4
Armour         | 4 5 6 7 |  7.5
Invocations    | 2 4 5 6 7 |  7.0
Evocations     | 2 4 |  4.5

Action                     |  1- 3 |  4- 6 |  7- 9 | 10-12 || total
---------------------------+-------+-------+-------+-------++-------
  Melee: War axe           |    75 |   178 |   442 |   172 ||   867
         Broad axe         |       |       |       |   125 ||   125
    Use: Scroll            |       |     7 |     9 |     2 ||    18
 Armour: Scale mail        |    49 |    74 |       |       ||   123
         Chain mail        |       |    78 |    17 |       ||    95
         Plate armour      |       |       |   371 |   400 ||   771
  Dodge: Dodged            |    40 |    78 |   138 |   108 ||   364
  Block: Buckler           |    31 |    42 |   129 |   110 ||   312

Table legend: (Time is in decaauts)
 A = Elapsed time spent in this place.
 B = Non-inter-level travel time spent in this place.
 C = Inter-level travel time spent in this place.
 D = Time resting spent in this place.
 E = Time spent auto-exploring this place.
 F = Levels seen in this place.
 G = Mean time per level.
                   A        B        C        D        E       F      G
               +--------+--------+--------+--------+--------+-----+--------+
         Total |  11761 |  11467 |    294 |   3254 |   5955 |  11 | 1069.2 |
       Dungeon |  11686 |  11392 |    294 |   3254 |   5955 |   9 | 1298.4 |
          Lair |     75 |     75 |      0 |      0 |      0 |   2 |   37.5 |
               +--------+--------+--------+--------+--------+-----+--------+

Top non-repeatable levels by time:
     D:9: 1925 daAuts
     D:8: 1702 daAuts
     D:2: 1583 daAuts
     D:6: 1380 daAuts
     D:7: 1346 daAuts
     D:3: 1300 daAuts
     D:4: 1020 daAuts
     D:5: 935 daAuts
     D:1: 492 daAuts
  Lair:1: 66 daAuts
  Lair:2: 8 daAuts
